 Seeded DCSS version 0.27.1-2-g3b301248ec (webtiles) character file.

Game seed: 14551798346683263451 (custom seed)

26 babuloseo the Shield-Bearer (level 3, -15/29 HPs)
             Began as a Human Fighter on Oct 1, 2021.
             Demolished by Crazy Yiuf (19 damage)
             ... on level 2 of the Dungeon.
             The game lasted 00:02:08 (485 turns).

babuloseo the Shield-Bearer (Human Fighter)          Turns: 485, Time: 00:02:09

Health: -15/29     AC:  6    Str: 17    XL:     3   Next: 22%
Magic:  3/3        EV:  9    Int:  8    God:
Gold:   46         SH:  0    Dex: 12    Spells: 2/2 levels left

rFire    . . .     SeeInvis .   h - +3 bardiche (vorpal)
rCold    . . .     Faith    .   (shield currently unavailable)
rNeg     . . .     Spirit   .   b - +0 scale mail
rPois    .         Reflect  .   (no helmet)
rElec    .         Harm     .   (no cloak)
rCorr    .         Rampage  .   (no gloves)
Will     .....                  (no boots)
Stlth    ..........             (no amulet)
HPRegen  0.09/turn              (no ring)
MPRegen  0.08/turn              (no ring)

@: no status effects
A: no striking features
a: no special abilities


You were on level 2 of the Dungeon.
You visited 1 branch of the dungeon, and saw 2 of its levels.

You collected 46 gold pieces.

Inventory:

Hand Weapons
 a - a +0 trident
 h - a +3 vorpal bardiche (weapon)
Missiles
 e - 8 javelins (quivered)
Armour
 b - a +0 scale mail (worn)
 c - a +0 kite shield
Scrolls
 f - a scroll of identify {unknown}
 i - a scroll of enchant armour {unknown}
 j - a scroll of torment {unknown}
Potions
 d - a potion of might
 g - a potion of brilliance {unknown}


   Skills:
 + Level 3.2 Fighting
 * Level 2.6 Polearms
 + Level 3.2 Armour
 + Level 3.2 Shields


You had 2 spell levels left.
You didn't know any spells.
Your spell library contained the following spells:

 Spells                   Type           Power      Damage    Failure   Level
 Magic Dart               Conj           0%         1d3       82%         1
 Call Imp                 Summ           0%         N/A       91%         2
 Searing Ray              Conj           0%         3d3       91%         2
 Mephitic Cloud           Conj/Pois/Air  0%         N/A       99%         3
 Fulminant Prism          Conj/Hex       0%         3d6       100%        4


Dungeon Overview and Level Annotations

Branches:
Dungeon (2/15)

Altars:
Qazlal

Annotations:
D:2 Crazy Yiuf


Message History

A quokka is nearby!
You slice the quokka!!
You kill the quokka!
No target in view!
No target in view!
HP restored.
j - a scroll labelled BOEXAOR EPIUGIUNK No target in view!
Found a stone staircase leading down.
No target in view!
No target in view!
There is a stone staircase leading down here.
You see here a +0 hunting sling.
A hobgoblin comes into view.
Found a stone staircase leading up.
The hobgoblin shouts!
A hobgoblin is nearby!
You slice the hobgoblin!!
You kill the hobgoblin!
No target in view!
No target in view!
You see here a hobgoblin skeleton.
Crazy Yiuf shouts!
Crazy Yiuf says, "Mama stair hog!"
You open the door. You slash Crazy Yiuf!
Crazy Yiuf is moderately wounded.
Crazy Yiuf hits you with a +3 quarterstaff of chaos!
Ouch! That really hurt!
Crazy Yiuf barely misses you.
You are too injured to fight recklessly!
You are too injured to fight recklessly!
You closely miss Crazy Yiuf.
Crazy Yiuf is moderately wounded.
Crazy Yiuf barely misses you.
Crazy Yiuf hits you with a +3 quarterstaff of chaos!
* * * LOW HITPOINT WARNING * * *
You are electrocuted!!
Ouch! That really hurt!
You die...

#.##.##.##.......# #.#
#.##.##.##.#.#.### #.#
#.##[##.##.....# #.#
#.....########## #.# ####.##
#.###### #.## ##.......
#######..# ### ♣♣##.(.####.
.......)## #)..#♣♣ ♣♣.+..#......
......#.# #...g@♣♣♣♣.......##...
#.#.#.#)# #...#♣..♣.♣......##.#.
........# ### ♣♣♣.♣..+.#.....#.
.....>#.# ♣♣♣♣♣###.......
......#.## #....... ........÷##
##### #.###### .#......#.# #...#
#.######
.##...###.#####...########..#....
. #....#...................#(..##


You could see Crazy Yiuf.

Vanquished Creatures
  An adder (D:2)
  A goblin (D:2)
  7 hobgoblins (D:2)
  A quokka (D:2)
  3 ball pythons (D:2)
  A bat (D:2)
  2 rats (D:2)
16 creatures vanquished.

Notes
Turn   | Place    | Note
-------+----------+-------------------------------------------
     0 | D:1      | babuloseo the Human Fighter began the quest for the Orb.
     0 | D:1      | Reached XP level 1. HP: 18/18 MP: 1/1
     9 | D:2      | Found a stormy altar of Qazlal.
    17 | D:2      | Reached XP level 2. HP: 18/24 MP: 2/2
   196 | D:2      | Reached XP level 3. HP: 29/29 MP: 3/3
   215 | D:2      | Identified a scroll of acquirement
   215 | D:2      | Acquired a +3 vorpal bardiche
   310 | D:2      | Found a runed translucent door.
   311 | D:2      | Noticed Crazy Yiuf
   485 | D:2      | Demolished by Crazy Yiuf

Illustrated notes

Levels and vault maps discovered:
D:1:      lemuel_arrival_river_bridge, layout_rooms
D:2:      layout_loops_cross, basic_altar, serial_shops, shop,
          minmay_goblin_kobold_house, uniq_crazy_yiuf_cottage, uniq_robin

Action                   || total
-------------------------++-------
Melee: Trident           ||    32
       Bardiche          ||     6
Throw: Javelin           ||     4
  Use: Scroll            ||     1
Armor: Scale mail        ||    20
Dodge: Dodged            ||    11
Block: Kite shield       ||    27
